 Dungeon Crawl Stone Soup version 0.20-a0-903-g7e3609c (webtiles) character file.

19420 Goblin1989 the Cruncher (level 13, -1/80 HPs)
             Began as a Kobold Gladiator on Mar 21, 2017.
             Was a High Priest of Okawaru.
             Slain by a merfolk
             ... wielding a +0 trident
              (10 damage)
             ... on level 4 of the Lair of Beasts.
             The game lasted 00:45:49 (19343 turns).

Goblin1989 the Cruncher (Kobold Gladiator)         Turns: 19343, Time: 00:45:49

Health: -1/80      AC: 15    Str: 16    XL:     13   Next: 4%
Magic:  16/17      EV: 28    Int: 15    God:    Okawaru [*****.]
Gold:   973        SH:  0    Dex: 16    Spells: 13/15 levels left

rFire    . . .     SeeInvis .   a - +1 quarterstaff
rCold    . . .     Gourm    .   K - +0 scale mail
rNeg     . . .     Faith    +   (shield currently unavailable)
rPois    +         Spirit   .   n - +2 helmet
rElec    .         Reflect  .   j - +0 cloak of the Moon {Int+5}
rCorr    .         Harm     .   u - +0 pair of gloves
MR       .....                  (no boots)
Stlth    ++........             t - amulet of faith {!P}
Regen    0.3/turn               o - ring of poison resistance
MPRegen  0.2/turn               J - +5 ring of evasion

@: lethally poisoned (-1 -> -8), heroism
A: carnivore 3
a: Heroism, Finesse, Renounce Religion


You were on level 4 of the Lair of Beasts.
You worshipped Okawaru.
Okawaru was extremely pleased with you.
You were very full.

You visited 3 branches of the dungeon, and saw 17 of its levels.
You also visited: Ossuary.

You collected 1183 gold pieces.
You spent 210 gold pieces at shops.

Inventory:

Hand Weapons
 a - a +1 quarterstaff (weapon)
Missiles
 k - 6 needles of paralysis
 Z - 4 throwing nets (quivered) {!d, =f}
Armour
 j - the +0 cloak of the Moon (worn) {Int+5}
   (Okawaru gifted it to you on level 2 of the Lair of Beasts)

   It affects your intelligence (+5).
 n - a +2 helmet (worn)
 u - a +0 pair of gloves (worn)
 A - a +0 chain mail
 K - a +0 scale mail (worn)
Jewellery
 c - an uncursed ring of protection from cold
 o - a ring of poison resistance (right hand)
 t - an amulet of faith (around neck) {!P}
 J - a +5 ring of evasion (left hand)
Wands
 s - a wand of disintegration (6/24)
 E - a wand of enslavement (8/24)
 H - a wand of clouds (3/9)
 L - a wand of lightning (8/15)
Scrolls
 b - 3 scrolls of remove curse {@r2}
 e - 2 scrolls of recharging
 q - a scroll of immolation
 r - a scroll of summoning
 v - a scroll of fear
 x - a scroll of amnesia
 y - a scroll of silence
 B - a scroll of blinking
 D - a scroll of enchant weapon
 M - 2 scrolls of magic mapping
 R - 4 scrolls of identify {@r1}
 T - 5 scrolls of teleportation {!r, @r3}
Potions
 d - 3 potions of ambrosia
 g - 2 potions of flight
 h - a potion of invisibility {unknown}
 i - 2 potions of resistance
 m - 5 potions of curing {@q1}
 p - 4 potions of mutation
 w - 2 potions of lignification
 z - 3 potions of cancellation
 F - a potion of might
Books
 C - a book of Changes

   Spells                             Type                      Level
   a - Beastly Appendage              Transmutation                1
   b - Sticks to Snakes               Transmutation                2
   c - Spider Form                    Transmutation/Poison         3
   d - Ice Form                       Ice/Transmutation            4
   e - Blade Hands                    Transmutation                5
Comestibles
 f - 10 meat rations {@e2}
 l - 9 royal jellies


   Skills:
 + Level 9.4(14.4) Fighting
 * Level 12.4(17.4) Staves
 - Level 2.1(7.1) Throwing
 + Level 6.9(11.9) Armour
 + Level 10.5(15.5) Dodging
 + Level 1.9 Spellcasting
 * Level 3.0 Necromancy
 + Level 5.6 Invocations


You had 13 spell levels left.
You knew the following spells:

 Your Spells              Type           Power        Failure   Level  Hunger
b - Animate Skeleton      Necr           N/A          21%         1    ##.....
o - Apportation           Tloc           #.....       75%         1    ##.....


Dungeon Overview and Level Annotations

Branches:
Dungeon (12/15)            Temple (1/1) D:6            Lair (4/6) D:8
 Spider (0/4) Lair:2          Orc (0/2) D:11
  Swamp: Lair:2-4    Shoals: Lair:2-4

Altars:
Ashenzari
Fedhas
Hepliaklqana
Kikubaaqudgha
Nemelex Xobeh
Okawaru
Sif Muna
Vehumet
Wu Jian
Xom
Yredelemnul
The Shining One

Shops:
D:11 !

Annotations:
D:6 Malvoorn's ghost, novice NaTm
D:7 exclusion: door
D:12 Rupert
Lair:2 exclusion: 2 oklob plants, Prince Ribbit
Lair:4 exclusion: oklob plant


Innate Abilities, Weirdness & Mutations

You are small and have problems with some larger weapons.
You are carnivorous and can eat meat at any time.


Message History

The komodo dragon is severely wounded.
The komodo dragon closely misses you.
You hit the komodo dragon but do no damage.
The komodo dragon is severely wounded.
The komodo dragon misses you.
You sock the komodo dragon!
The komodo dragon is almost dead.
You sock the komodo dragon!
You kill the komodo dragon!
Okawaru accepts your kill.
No target in view!
No target in view!
No target in view!
No target in view!
No target in view!
No target in view!
No target in view!
No target in view!
No target in view!
No target in view!
No target in view!
No target in view!
No target in view!
No target in view!
No target in view!
No target in view!
No target in view!
No target in view!
No target in view!
No target in view!
No target in view!
No target in view!
No target in view!
Key pressed, stopping explore.
A merfolk opens the door.
It is wielding a trident of venom.
You regained 10 hp, and now have 75/80 hp.
Unknown command.
The merfolk shouts!
You hear a shout!
The merfolk throws a tomahawk.
The tomahawk misses you. The merfolk misses you.
A merfolk comes into view. It is wielding a trident.
The merfolk shouts!
The merfolk completely misses you.
The merfolk hits you from afar with a trident!
There is an open door, spattered with blood here.
You take 15 damage, and have 61/80 hp.
You barely miss the merfolk. You hit the merfolk but do no damage.
The merfolk completely misses you.
The merfolk hits you with a trident of venom.
You take 5 damage, and have 56/80 hp.
You hit the merfolk but do no damage. You thump the merfolk!
The merfolk is moderately wounded.
The merfolk completely misses you. The merfolk closely misses you.
You gain the combat prowess of a mighty hero.
The merfolk hits you from afar with a trident!
The merfolk hits you with a trident of venom!
* * * LOW HITPOINT WARNING * * *
You are poisoned.
You take 28 damage, and have 29/80 hp.
MASSIVE DAMAGE!!
You now have 15/17 mp.
You feel sick.
You take 2 damage, and have 27/80 hp.
You bludgeon the merfolk!!
The merfolk is severely wounded.
You feel sick. The merfolk misses you.
You take 1 damage, and have 26/80 hp.
You thump the merfolk!
The merfolk is severely wounded.
You feel sick. The merfolk completely misses you.
You take 1 damage, and have 25/80 hp.
You sock the merfolk!
You kill the merfolk!
Okawaru accepts your kill.
Your Necromancy skill increases to level 3!
You feel sick.
You feel sick. The merfolk completely misses you.
You take 1 damage, and have 24/80 hp.
You miss the merfolk.
You feel sick. The merfolk completely misses you.
You take 1 damage, and have 23/80 hp.
You bludgeon the merfolk!!
The merfolk is moderately wounded.
You feel sick.
You take 1 damage, and have 22/80 hp.
You hit the merfolk.
The merfolk is heavily wounded.
You feel sick. The merfolk hits you with a trident!
* * * LOW HITPOINT WARNING * * *
You take 12 damage, and have 10/80 hp.
You sock the merfolk!
The merfolk is severely wounded.
You hit the merfolk.
The merfolk is severely wounded.
You feel sick. The merfolk barely misses you.
Unknown command.
You hit the merfolk.
The merfolk is severely wounded.
You completely miss the merfolk.
The merfolk is severely wounded.
You feel sick. The merfolk hits you with a trident!
You die... ████.Ψ.██[.█..Ψ.Ψ █.████████..█.... ...███ █....... ██...█ ██..█... █P..██ █..█.██ ████

██....█████......
█≈≈≈██......█.████....
█≈≈m█....█...█.█████∆█
█≈≈≈█@...██......██..█
████m...█████...██..█.
..?.[..?/.(█
███..██.██
.............█
██.....█
...........█.█
█.......
...........███
█████... ............
█... ........%..██
█(.. ..........██ █...


You could see a merfolk.

Vanquished Creatures
  2 hydras
  A two-headed ogre (D:8)
  A death yak (D:8)
  Pikel (D:6)
  A cyclops (D:11)
  An ugly thing (D:11)
  3 black mambas
  3 spiny frogs
  2 centaur zombies
  2 komodo dragons
  3 trolls
  A merfolk (Lair:4)
  4 blink frogs (Lair:2)
  11 hippogriffs
  Sigmund (D:6)
  6 yaks (Lair:3)
  A steam dragon (D:11)
  A human (D:8)
  A hungry ghost (D:9)
  2 basilisks (Lair:2)
  4 hogs (D:8)
  A soldier ant (D:11)
  10 water moccasins
  4 porcupines
  4 sky beasts
  3 slaves
  A phantom (D:7)
  3 orc warriors
  2 eyes of draining
  2 necrophages
  7 ogres
  A black bear (D:10)
  3 centaurs
  4 wolves (Lair:1)
  7 crocodiles
  2 big kobolds (D:11)
  12 bullfrogs
  2 scorpions
  A killer bee (D:7)
  7 howler monkeys
  8 crimson imps
  A jelly (D:11)
  A bullfrog skeleton (D:11)
  8 hounds
  A quasit (D:9)
  6 orc priests
  9 orc wizards
  Terence (D:3)
  4 iguanas
  2 hell rats (Lair:4)
  8 worker ants
  A killer bee zombie (D:9)
  A big kobold zombie (Ossuary)
  2 hound zombies
  4 mummies (Ossuary)
  A worker ant zombie (D:11)
  Robin (D:3)
  A gnoll (D:5)
  9 adders
  An ooze (D:2)
  An adder zombie (Ossuary)
  4 worms
  2 dart slugs
  3 leopard geckos
  23 orcs
  4 giant cockroaches
  14 goblins
  9 hobgoblins
  4 jackals (D:7)
  15 kobolds
  2 quokkas
  2 ball pythons
  6 bats
  4 frilled lizards
  A goblin zombie (Ossuary)
  2 hobgoblin zombies (Ossuary)
  A jackal zombie (Ossuary)
  A leopard gecko zombie (D:5)
  A quokka zombie (D:6)
  10 rats
  5 rat zombies (Ossuary)
312 creatures vanquished.

Vanquished Creatures (collateral kills)
  A quokka (D:6)
1 creature vanquished.

Vanquished Creatures (others)
  An orc warrior (D:6)
  A slave (D:6)
  A centaur zombie (D:6)
  A centaur skeleton (D:6)
  A quokka (D:6)
  2 fungi
  4 plants
11 creatures vanquished.

Grand Total: 324 creatures vanquished

Notes
Turn   | Place    | Note
-------+----------+-------------------------------------------
     0 | D:1      | Goblin1989 the Kobold Gladiator began the quest for the Orb.
     0 | D:1      | Reached XP level 1. HP: 12/12 MP: 1/1
   492 | D:1      | Reached skill level 3 in Staves
   531 | D:1      | Reached XP level 2. HP: 17/17 MP: 2/2
   802 | D:1      | Reached XP level 3. HP: 19/21 MP: 3/3
  1397 | D:2      | Found a blossoming altar of Fedhas.
  1454 | D:2      | Found an ancient bone altar of Kikubaaqudgha.
  1578 | D:2      | Reached skill level 4 in Staves
  1585 | D:2      | Found a radiant altar of Vehumet.
  1601 | D:2      | Reached XP level 4. HP: 24/26 MP: 4/4
  1803 | D:2      | Found a faded altar of an unknown god.
  2360 | D:3      | Noticed Terence
  2374 | D:3      | Killed Terence
  2593 | D:3      | Reached XP level 5. HP: 21/30 MP: 5/5
  3084 | D:3      | Reached skill level 5 in Staves
  3333 | D:4      | Noticed Robin
  3341 | D:3      | Killed Robin
  3545 | D:4      | Noticed an ogre
  3558 | D:4      | Killed an ogre
  3558 | D:4      | Reached skill level 6 in Staves
  3558 | D:4      | Reached XP level 6. HP: 13/35 MP: 6/6
  4070 | D:4      | Got a translucent buckler
  4203 | D:4      | Found a sparkling altar of Nemelex Xobeh.
  4227 | D:4      | Reached XP level 7. HP: 39/40 MP: 7/7
  4350 | D:4      | Reached skill level 1 in Armour
  4723 | D:4      | Found a glowing golden altar of the Shining One.
  4758 | D:5      | Entered Level 5 of the Dungeon
  5462 | D:6      | Noticed Pikel
  5539 | D:5      | Reached skill level 7 in Staves
  5539 | D:5      | Reached XP level 8. HP: 15/46 MP: 8/8
  5778 | D:6      | Killed Pikel
  5778 | D:6      | Reached skill level 5 in Dodging
  6013 | D:6      | Noticed Sigmund
  6033 | D:6      | Killed Sigmund
  6033 | D:6      | Reached XP level 9. HP: 35/52 MP: 9/9
  6260 | D:6      | Reached skill level 8 in Staves
  6271 | D:6      | Found a staircase to the Ecumenical Temple.
  6637 | Temple   | Entered the Ecumenical Temple
  6675 | Temple   | Became a worshipper of Warmaster Okawaru
  6717 | D:6      | Noticed Malvoorn's ghost (novice NaTm)
  6779 | D:7      | Reached skill level 5 in Fighting
  6807 | D:7      | Found a deep blue altar of Sif Muna.
  7089 | D:7      | Found a sand-covered staircase.
  7096 | Ossuary  | Entered an ossuary
  7135 | Ossuary  | Reached * piety under Okawaru
  7579 | D:7      | Got a ripped robe
  7616 | D:7      | Reached skill level 9 in Staves
  7999 | D:7      | Reached XP level 10. HP: 37/60 MP: 7/10
  8330 | D:7      | Reached ** piety under Okawaru
  8890 | D:8      | Noticed a death yak
  9266 | D:8      | Noticed a two-headed ogre
  9275 | D:8      | Killed a two-headed ogre
  9275 | D:8      | Reached skill level 10 in Staves
  9392 | D:8      | Reached *** piety under Okawaru
  9410 | D:8      | Reached skill level 5 in Armour
  9782 | D:8      | Found a staircase to the Lair.
  9815 | D:8      | Noticed a death yak
  9815 | D:8      | Noticed a death yak
  9815 | D:8      | Noticed a death yak
  9815 | D:8      | Noticed a death yak
  9815 | D:8      | Noticed a death yak
  9815 | D:8      | Noticed a death yak
  9815 | D:8      | Noticed a death yak
  9860 | D:8      | Killed a death yak
  9860 | D:8      | Reached **** piety under Okawaru
  9860 | D:8      | Reached skill level 1 in Invocations
  9860 | D:8      | Reached XP level 11. HP: 38/67 MP: 9/12
 10749 | D:9      | Found an ornate altar of the Wu Jian Council.
 10754 | D:9      | Found a hazy altar of Hepliaklqana.
 10878 | D:9      | Received a gift from Okawaru
 10975 | D:10     | Entered Level 10 of the Dungeon
 11438 | D:10     | Reached skill level 11 in Staves
 13125 | D:11     | Found Cujejoasm's Distillery.
 13133 | D:11     | Bought a potion of agility for 56 gold pieces
 13133 | D:11     | Bought a potion of brilliance for 56 gold pieces
 13133 | D:11     | Bought a potion of lignification for 42 gold pieces
 13133 | D:11     | Bought a potion of might for 56 gold pieces
 13159 | D:11     | Reached ***** piety under Okawaru
 13653 | D:11     | Found a staircase to the Orcish Mines.
 13661 | D:11     | Noticed a cyan ugly thing
 13686 | D:11     | Killed a cyan ugly thing
 13972 | D:12     | Noticed Rupert
 14235 | D:11     | Noticed a cyclops
 14266 | D:11     | Killed a cyclops
 14526 | Lair:1   | Entered Level 1 of the Lair of Beasts
 14578 | Lair:1   | Reached XP level 12. HP: 53/75 MP: 15/15
 14688 | Lair:1   | Received a gift from Okawaru
 16128 | Lair:1   | Reached skill level 10 in Dodging
 16619 | Lair:2   | Noticed Prince Ribbit
 16681 | Lair:2   | Received a gift from Okawaru
 16688 | Lair:2   | Reached skill level 12 in Staves
 16715 | Lair:2   | Got a fine cloak {god gift}
 16726 | Lair:2   | Identified the +0 cloak of the Moon {Int+5} (Okawaru gifted it to you on level 2 of the Lair of Beasts)
 17011 | Lair:2   | Found a hole to the Spider Nest.
 17075 | Lair:2   | Reached skill level 5 in Invocations
 17637 | Lair:3   | Learned a level 1 spell: Animate Skeleton
 17639 | Lair:3   | Learned a level 1 spell: Apportation
 18144 | Lair:3   | Reached skill level 1 in Necromancy
 18166 | Lair:3   | Noticed an eight-headed hydra
 18184 | Lair:3   | Killed an eight-headed hydra
 18184 | Lair:3   | Reached skill level 1 in Spellcasting
 19054 | Lair:4   | Noticed a five-headed hydra
 19064 | Lair:4   | Killed a five-headed hydra
 19202 | Lair:4   | Reached XP level 13. HP: 74/80 MP: 17/17
 19343 | Lair:4   | Slain by a merfolk

Vault maps used:
D:1:      minmay_arrival_open_corners, kennysheep_minor_cross
D:2:      kiku_gazebo_pond_becter, vehumet_crystals, fedhas_altar_1,
          chequers_ecumenical_altar_grove
D:3:      first_bread, uniq_terence
D:4:      lemuel_crystal_altar, tso_altar, uniq_robin
D:5:      kennysheep_generic_room_8
D:6:      temple_pool_b, elyvilon_altar_4, uniq_crazy_yiuf_cottage,
          uniq_sigmund, uniq_menkaure, uniq_pikel
D:7:      chequers_ossuary_entry_cave, led_sif_book
D:8:      dpeg_lair_monsters, grunt_livestock
D:9:      minitemple
D:11:     orc_0_dummy, serial_shops, nicolae_shop_stone
D:12:     uniq_rupert
Temple:   nicolae_temple_elliptical
Lair:1:   serial_forest, infiniplex_forest_lined_corner,
          infiniplex_forest_side_room, infiniplex_forest_clump_long,
          infiniplex_forest_zigzag_1, infiniplex_forest_clump_long,
          infiniplex_forest_lined_room_2
Lair:2:   dummy_spider_entry, minmay_lair_oklob_chamber, uniq_prince_ribbit2
Lair:3:   eino_small_chamber_without_monster
Lair:4:   elwin_shoals_entry_rooms, minmay_lair_oklob_bushes,
          eino_small_chamber_without_monster, grunt_megastairs_2
Ossuary:  ossuary_minmay_tomb_2a

Skill      XL: |  1  2  3  4  5  6  7  8  9 10 11 12 13 |
---------------+----------------------------------------+-----
Staves         | 3 4 6 7 9 10 11 12 | 12.4
Armour         | 1 2 4 5 6 |  6.9
Dodging        | 4 5 6 8 9 10 | 10.5
Fighting       | 3 4 5 7 8 9 |  9.4
Invocations    | 1 4 5 |  5.6
Necromancy     | 2 3 |  3.0
Spellcasting   | 1 |  1.9
Throwing       | |  2.1

Action                   |  1- 3 |  4- 6 |  7- 9 | 10-12 | 13-15 || total
-------------------------+-------+-------+-------+-------+-------++-------
Melee: Quarterstaff      |    84 |   188 |   445 |  1097 |    32 ||  1846
Throw: Throwing net      |       |       |     1 |       |       ||     1
 Cast: Animate Skeleton  |       |       |       |     3 |       ||     3
Invok: Heroism           |       |       |     2 |    14 |     1 ||    17
       Finesse           |       |       |       |     4 |       ||     4
Evoke: Wand              |       |       |     4 |     2 |       ||     6
  Use: Potion            |       |       |     8 |     4 |       ||    12
       Scroll            |       |       |     6 |    15 |       ||    21
 Stab: Distracted        |       |     1 |       |       |       ||     1
       Held in net/web   |       |       |     1 |       |       ||     1
  Eat: Chunk             |    11 |     8 |    13 |    44 |       ||    76
Armor: Leather armour    |     9 |       |       |       |       ||     9
       Ring mail         |     5 |    46 |   143 |   115 |       ||   309
       Scale mail        |       |       |       |   136 |     1 ||   137
Dodge: Dodged            |    72 |   100 |   360 |  1065 |    24 ||  1621

Vault maps used:
D:1:      minmay_arrival_open_corners, kennysheep_minor_cross
D:2:      kiku_gazebo_pond_becter, vehumet_crystals, fedhas_altar_1,
          chequers_ecumenical_altar_grove
D:3:      first_bread, uniq_terence
D:4:      lemuel_crystal_altar, tso_altar, uniq_robin
D:5:      kennysheep_generic_room_8
D:6:      temple_pool_b, elyvilon_altar_4, uniq_crazy_yiuf_cottage,
          uniq_sigmund, uniq_menkaure, uniq_pikel
D:7:      chequers_ossuary_entry_cave, led_sif_book
D:8:      dpeg_lair_monsters, grunt_livestock
D:9:      minitemple
D:11:     orc_0_dummy, serial_shops, nicolae_shop_stone
D:12:     uniq_rupert
Temple:   nicolae_temple_elliptical
Lair:1:   serial_forest, infiniplex_forest_lined_corner,
          infiniplex_forest_side_room, infiniplex_forest_clump_long,
          infiniplex_forest_zigzag_1, infiniplex_forest_clump_long,
          infiniplex_forest_lined_room_2
Lair:2:   dummy_spider_entry, minmay_lair_oklob_chamber, uniq_prince_ribbit2
Lair:3:   eino_small_chamber_without_monster
Lair:4:   elwin_shoals_entry_rooms, minmay_lair_oklob_bushes,
          eino_small_chamber_without_monster, grunt_megastairs_2
Ossuary:  ossuary_minmay_tomb_2a
